 Dungeon Crawl Stone Soup version 0.27-a0-1242-ge70438ac7b (webtiles) character file.

Game seed: 6320906770913448272

1486 Nacht the Fighter (level 8, -11/120 HPs)
             Began as a Hill Orc Fighter on June 9, 2021.
             Was an Initiate of Gozag.
             Mangled by a fire elemental (12 damage)
             ... summoned by a deep elf pyromancer
             ... on level 6 of the Dungeon.
             The game lasted 00:10:59 (6301 turns).

Nacht the Fighter (Hill Orc Fighter)                Turns: 6301, Time: 00:11:00

Health: -11/120    AC: 24    Str: 27    XL:     8   Next: 80%
Magic:  8/8        EV:  2    Int:  8    God:    Gozag
Gold:   354        SH:  0    Dex: 10    Spells: 7/7 levels left

rFire    . . .     SeeInvis .   b - +1 war axe (vorpal)
rCold    . . .     Faith    .   (no shield)
rNeg     + + +     Spirit   .   (armour currently unavailable)
rPois    +         Reflect  .   (helmet currently unavailable)
rElec    .         Harm     .   (cloak currently unavailable)
rCorr    .         Rampage  .   (gloves currently unavailable)
Will     .....     NoTele   +   (boots currently unavailable)
Stlth    +.........             (no amulet)
HPRegen  0.30/turn              i - +6 ring of strength
MPRegen  0.11/turn              m - +4 ring of evasion

@: tree-form, very slightly contaminated, studying Fighting, invisible
A: stationary, stasis, torment immunity, boosted hp
a: Renounce Religion, Potion Petition, Call Merchant, Bribe Branch


You were on level 6 of the Dungeon.
You worshipped Gozag.
Gozag was aware of your devotion.
You were a tree.
You visited 2 branches of the dungeon, and saw 8 of its levels.

You collected 473 gold pieces.
You paid 119 gold pieces to Gozag.

Inventory:

Hand Weapons
 a - a +0 war axe
 b - a +1 vorpal war axe (weapon)
Missiles
 n - a throwing net (quivered)
Armour
 c - a +0 kite shield
 j - a +0 pair of gloves (melded)
 k - a +0 cloak (melded)
 r - a +0 chain mail (melded)
 v - a +1 pair of boots (melded)
Jewellery
 i - a +6 ring of strength (left branch)
 m - a +4 ring of evasion (right branch)
Potions
 d - 3 potions of invisibility
 f - 2 potions of ambrosia
 g - a potion of lignification
 h - 2 potions of curing {unknown}
 l - a potion of degeneration {unknown}
 q - a potion of flight {unknown}
 u - a potion of mutation {unknown}


   Skills:
 + Level 10.5 Fighting
 + Level 10.1 Axes
 - Level 3.2 Armour
 - Level 3.2 Shields


You had 7 spell levels left.
You didn't know any spells.
Your spell library contained the following spells:

 Spells                   Type           Power      Damage    Failure   Level
 Magic Dart               Conj           0%         1d3       41%         1
 Searing Ray              Conj           0%         3d3       54%         2
 Confusing Touch          Hex            0%         N/A       78%         3
 Dazzling Flash           Conj/Hex       0%         N/A       78%         3
 Gell's Gravitas          Tloc           0%         N/A       78%         3
 Fulminant Prism          Conj/Hex       0%         3d6       99%         4
 Iskenderun's Mystic Bla  Conj/Tloc      0%         2d3       99%         4
 Petrify                  Tmut/Erth      0%         N/A       99%         4
 Metabolic Englaciation   Hex/Ice        0%         N/A       100%        5
 Yara's Violent Unravell  Hex/Tmut       0%         3d3       100%        5


Dungeon Overview and Level Annotations

Branches:
Dungeon (7/15)             Temple (1/1) D:6

Altars:
Ashenzari
Dithmenos
Elyvilon
Fedhas
Gozag
Hepliaklqana
Kikubaaqudgha
Makhleb
Nemelex Xobeh
Okawaru
Ru
Sif Muna
Trog
Uskayaw
Vehumet
Wu Jian
Xom
Yredelemnul
Zin
The Shining One

Annotations:
D:3 1 runed translucent door, Crazy Yiuf


Message History

The fire elemental burns you!
The deep elf pyromancer hits you but does no damage.
The fire elemental hits you. The fire elemental burns you!
You feel much better. The fire elemental hits you.
The fire elemental burns you! The fire elemental hits you.
The fire elemental burns you!
The deep elf pyromancer hits you but does no damage.
The fire elemental hits you. The fire elemental burns you!
You barely miss the deep elf pyromancer.
The deep elf pyromancer is heavily wounded.
You barely miss the fire elemental. You closely miss the fire elemental.
The fire elemental hits you. The fire elemental burns you!
The deep elf pyromancer hits you with a +0 dagger.
* * * LOW HITPOINT WARNING * * *
The fire elemental hits you. The fire elemental burns you!
* * * LOW HITPOINT WARNING * * *
The fire elemental hits you. The fire elemental burns you!
* * * LOW HITPOINT WARNING * * *
You barely miss the deep elf pyromancer.
The deep elf pyromancer is heavily wounded.
You hit the fire elemental. You closely miss the fire elemental.
The fire elemental hits you. The fire elemental burns you!
* * * LOW HITPOINT WARNING * * *
The deep elf pyromancer completely misses you.
The fire elemental hits you. The fire elemental burns you!
* * * LOW HITPOINT WARNING * * *
You fade into invisibility!
The fire elemental hits you. The fire elemental burns you!
* * * LOW HITPOINT WARNING * * *
The fire elemental barely misses you.
The deep elf pyromancer hits you but does no damage.
The fire elemental hits you. The fire elemental burns you!
* * * LOW HITPOINT WARNING * * *
You are very lightly contaminated with residual magic.
You slash the deep elf pyromancer!
The deep elf pyromancer is severely wounded.
You slash the fire elemental! You barely miss the fire elemental.
The fire elemental hits you. The fire elemental burns you!
You die...
Your body crumbles into a pile of gold.

.......####............#
..8....# #............###
..8....####..............##
........#..............#..#
88}888.>..#...............#
88.888.......###########..#
.............#............#
.............#.E...(......#
..........#..#''♣######8..#
.............#.eE+........#
.............#..E+........#
..###..#'#...#P..+........#
#.# #..#_#...#+++######8.##
..###..###...# ..........#
....#......#.# ..........#
###........#.###########.#
.####.######.............#


You could see a deep elf pyromancer and 3 fire elementals.

Vanquished Creatures
  Grinder (D:3)
  A steam dragon (D:5)
  An ice beast (D:6)
  3 phantoms
  A scorpion (D:5)
  A howler monkey (D:5)
  A bullfrog zombie (D:6)
  2 centaur zombies
  4 hounds
  A centaur skeleton (D:6)
  An orc priest (D:4)
  3 iguanas
  Jessica (D:3)
  2 orc wizards (D:4)
  A scorpion zombie (D:5)
  Natasha (twice) (D:2 D:1)
  A hound zombie (D:4)
  2 hound skeletons (D:5)
  9 adders
  3 shadow imps
  A white imp (D:6)
  An ufetubus (D:5)
  A worm (D:2)
  5 dart slugs
  13 orcs
  4 endoplasms
  A giant cockroach (D:4)
  3 goblins
  4 hobgoblins
  2 jackals (D:4)
  3 quokkas
  3 ball pythons
  8 bats
  2 frilled lizards
  13 kobolds
  9 rats
114 creatures vanquished.

Notes
Turn   | Place    | Note
-------+----------+-------------------------------------------
     0 | D:1      | Nacht the Hill Orc Fighter began the quest for the Orb.
     0 | D:1      | Reached XP level 1. HP: 19/19 MP: 1/1
    28 | D:1      | Found a faded altar of an unknown god.
   306 | D:1      | Reached XP level 2. HP: 27/27 MP: 2/2
   598 | D:1      | Reached XP level 3. HP: 34/34 MP: 3/3
  1340 | D:2      | Reached XP level 4. HP: 33/39 MP: 4/4
  1594 | D:2      | Noticed Natasha
  1599 | D:2      | Reached skill level 5 in Fighting
  1601 | D:2      | Killed Natasha
  1693 | D:2      | Reached skill level 5 in Axes
  1693 | D:2      | Reached XP level 5. HP: 26/48 MP: 5/5
  1784 | D:2      | Noticed Natasha
  1805 | D:1      | Killed Natasha
  2010 | D:3      | Noticed Jessica
  2012 | D:3      | Killed Jessica
  2484 | D:3      | Noticed Grinder
  2484 | D:3      | Paralysed by Grinder for 6 turns
  2533 | D:3      | Killed Grinder
  2534 | D:3      | Reached XP level 6. HP: 58/58 MP: 6/6
  2889 | D:3      | Found a runed translucent door.
  2890 | D:3      | Noticed Crazy Yiuf
  3226 | D:4      | Reached XP level 7. HP: 66/66 MP: 7/7
  4068 | D:5      | Entered Level 5 of the Dungeon
  4354 | D:5      | You fall into a shaft and drop 2 floors!
  4594 | D:6      | Found a staircase to the Ecumenical Temple.
  4615 | D:6      | Found an ornate altar of the Wu Jian Council.
  4631 | Temple   | Entered the Ecumenical Temple
  4782 | Temple   | Became a worshipper of Gozag Ym Sagoz the Greedy
  4910 | D:6      | Reached XP level 8. HP: 61/75 MP: 8/8
  5117 | D:5      | Identified a scroll of acquirement
  5117 | D:5      | Acquired a manual of Fighting
  5476 | D:5      | Found a sacrificial altar of Ru.
  5479 | D:5      | Found an ancient bone altar of Kikubaaqudgha.
  5483 | D:5      | Found a radiant altar of Vehumet.
  5531 | D:5      | Reached skill level 10 in Fighting
  5890 | D:6      | Found a hazy altar of Hepliaklqana.
  5896 | D:6      | Reached skill level 10 in Axes
  5968 | D:6      | Found a shimmering blue altar of Sif Muna.
  6200 | D:6      | Found a hide-covered altar of Uskayaw.
  6288 | D:6      | Noticed a deep elf pyromancer
  6300 | D:6      | HP: 1/120 [fire elemental[a deep elf pyromancer] (10)]
  6301 | D:6      | Mangled by a fire elemental

Illustrated notes

Levels and vault maps discovered:
D:1:      minmay_arrival_stair_chambers, layout_loops_ring,
          basic_ecumenical_altar, minmay_pentomino_q4
D:2:      layout_rooms, uniq_natasha
D:3:      layout_loops_corners, uniq_jessica, uniq_grinder,
          uniq_crazy_yiuf_cottage
D:4:      layout_loops_ring
D:5:      layout_loops_ring, grunt_temple_overflow_diamond,
          nicolae_ossuary_entry_monument
D:6:      layout_rooms, pdpol_wu_jian_five_deadly_venoms, kennysheep_mini_moat,
          minmay_temple_entry_overgrown, hangedman_feature_mirror,
          hellmonk_bongcloud_opening, guppyfry_early_elven_hall
D:7:      layout_cave_pods
Temple:   eino_narrow_crystal_temple

Skill      XL: |  1  2  3  4  5  6  7  8 |
---------------+-------------------------+-----
Axes           | 3 4 5 6 7 8 10 | 10.1
Fighting       | 4 5 6 7 8 10 | 10.5
Armour         | |  3.2
Shields        | |  3.2

Action                   |  1- 3 |  4- 6 |  7- 9 || total
-------------------------+-------+-------+-------++-------
Melee: War axe           |    82 |   135 |   202 ||   419
  Use: Scroll            |       |     6 |     5 ||    11
       Potion            |       |     2 |     3 ||     5
Armor: Scale mail        |    47 |    73 |    39 ||   159
       Skin              |       |     9 |    15 ||    24
       Chain mail        |       |       |    89 ||    89
Dodge: Dodged            |    47 |    74 |    89 ||   210

Table legend: (Time is in decaauts)
 A = Elapsed time spent in this place.
 B = Non-inter-level travel time spent in this place.
 C = Inter-level travel time spent in this place.
 D = Time resting spent in this place.
 E = Time spent auto-exploring this place.
 F = Levels seen in this place.
 G = Mean time per level.
                   A        B        C        D        E       F      G
               +--------+--------+--------+--------+--------+-----+--------+
         Total |   6372 |   6036 |    336 |    357 |   4693 |   8 |  796.5 |
       Dungeon |   6206 |   5908 |    298 |    357 |   4566 |   7 |  886.6 |
        Temple |    166 |    128 |     38 |      0 |    127 |   1 |  166.0 |
               +--------+--------+--------+--------+--------+-----+--------+

Top non-repeatable levels by time:
     D:5: 1153 daAuts
     D:1: 1130 daAuts
     D:3: 1083 daAuts
     D:4: 1008 daAuts
     D:2: 909 daAuts
     D:6: 692 daAuts
     D:7: 228 daAuts
  Temple: 166 daAuts
